 Dungeon Crawl Stone Soup version 0.18-a0-1718-g40ea4b6 (webtiles) character file.

647 Ijustatesigmund the Covert (level 7, -1/36 HPs)
             Began as a Spriggan Assassin on Apr 8, 2016.
             Was an Initiate of Vehumet.
             Killed by divine providence
             ... invoked by an orc priest
              (13 damage)
             ... on level 4 of the Dungeon.
             The game lasted 00:07:34 (1746 turns).

Ijustatesigmund the Covert (Spriggan Assassin)      Turns: 1746, Time: 00:07:35

Health: -1/36      AC:  3    Str:  7    XL:     7   Next: 27%
Magic:  8/8        EV: 22    Int: 12    God:    Vehumet [......]
Gold:   85         SH:  0    Dex: 20    Spells: 0 memorised, 6 levels left

rFire  . . .     SeeInvis +     i - +2 dagger (freeze)
rCold  . . .     Gourm    .     c - +0 robe
rNeg   . . .     Faith    .     (shield restricted)
rPois  .         Spirit   .     (helmet restricted)
rElec  .         Dismiss  .     d - +0 cloak
rCorr  .         Reflect  .     (gloves unavailable)
SustAt .         Harm     .     (boots unavailable)
MR     +....                    (no amulet)
Stlth  ++++++....               (no ring)
                                k - ring of stealth

@: very quick, somewhat resistant to hostile enchantments, very stealthy
A: unfitting armour, see invisible, herbivore 3, speed 3, slow metabolism 2,
sturdy frame 1
a: Renounce Religion


You were on level 4 of the Dungeon.
You worshipped Vehumet.
Vehumet was noncommittal.
You were not hungry.

You visited 2 branches of the dungeon, and saw 4 of its levels.

You collected 85 gold pieces.

Inventory:

Hand Weapons
 a - a +2 dagger
 b - a +0 blowgun
 i - a +2 dagger of freezing (weapon)
Missiles
 e - 8 poisoned needles
Armour
 c - a +0 robe (worn)
 d - a +0 cloak (worn)
Jewellery
 k - a ring of stealth (left hand)
Scrolls
 m - 2 scrolls of amnesia {unknown}
Potions
 f - a potion of haste {unknown}
 h - a potion of ambrosia
 j - a potion of flight
 l - a potion of brilliance {unknown}
 n - a potion of heal wounds {unknown}
Comestibles
 g - 3 bread rations
 o - a slice of pizza


   Skills:
 + Level 3.2 Fighting
 + Level 4.3 Short Blades
 + Level 3.9 Throwing
 - Level 5.5 Dodging
 - Level 8.0 Stealth


You had 6 spell levels left.
You didn't know any spells.

Dungeon Overview and Level Annotations

Branches:
Dungeon (4/15)             Temple (1/1) D:4

Altars:
Ashenzari
Cheibriados
Makhleb
Qazlal
Ru
Sif Muna
Trog
Vehumet
Xom
Yredelemnul
Zin
The Shining One


Innate Abilities, Weirdness & Mutations

You are tiny and cannot use many weapons and most armour.
You have supernaturally acute eyesight.
You are a herbivore.
You cover ground extremely quickly.
You need consume almost no food.
Your movements are slightly less encumbered by armour (ER -2).


Message History

The orc priest hits you but does no damage.
The orc closely misses you.
You hit the orc priest but do no damage.
The orc priest is heavily wounded.
The orc wizard casts a spell at you. The magic dart hits you!
The orc priest closely misses you.
You hit the orc priest. You freeze the orc priest.
The orc priest is almost dead.
The orc completely misses you. The orc wizard misses you.
You hit the orc priest but do no damage.
The orc priest is almost dead.
The orc priest barely misses you. The orc misses you.
The orc wizard gestures at you while chanting.
The magic dart hits you!
You hit the orc priest but do no damage.
The orc priest is almost dead.
The orc completely misses you.
The orc priest calls down the wrath of Beogh upon you.
Beogh smites you!
You die...

#..........# #########***
####..........########........,,,
.....†........'...............,,,
####..........########.#......,,,
#..........# #.#*.####**,
#..........###### #.#*,#,,,,,,
#...............# #.#*,*,***,,
#############....o.# #.#*,,,,*<,,
.....%......#..o@..# #.#***,,*,,,
<...........#...o..###.####..#...
............'......'.....##..#...
............#......###.#..#..#...
............#......# #.##.#..#.*.
............#......###.##...%..#,
............###......#.###.#.####
............# #.###+###..........
............# #.#.....##*#.......


You could see an orc priest, an orc wizard and an orc.

Vanquished Creatures
  Pikel (D:4)
  2 orc priests (D:4)
  An orc wizard (D:4)
  A worker ant (D:4)
  3 adders
  An ooze (D:2)
  A worm (D:2)
  2 dart slugs
  2 giant geckos
  4 orcs (D:4)
  5 bats
  A giant cockroach (D:2)
  2 goblins
  8 hobgoblins
  4 jackals (D:2)
  A ball python (D:1)
  2 giant newts (D:1)
  3 kobolds
  4 rats (D:1)
48 creatures vanquished.

Notes
Turn   | Place    | Note
--------------------------------------------------------------
     0 | D:1      | Ijustatesigmund the Spriggan Assassin began the quest for the Orb.
     0 | D:1      | Reached XP level 1. HP: 10/10 MP: 2/2
    32 | D:1      | Reached skill level 6 in Stealth
   147 | D:1      | Found a shattered altar of Ashenzari.
   155 | D:1      | Reached XP level 2. HP: 9/14 MP: 3/3
   487 | D:1      | Reached skill level 7 in Stealth
   822 | D:2      | Reached XP level 3. HP: 13/18 MP: 4/4
   859 | D:2      | Reached skill level 8 in Stealth
  1081 | D:2      | Reached XP level 4. HP: 21/22 MP: 5/5
  1147 | D:2      | You fall through a shaft for 2 floors!
  1186 | D:4      | Gained mutation: Your movements are slightly less encumbered by armour (ER -2). [potion of beneficial mutation]
  1186 | D:4      | HP: 1/22 [orc wizard/dagger (2)]
  1205 | D:4      | Reached skill level 5 in Dodging
  1205 | D:4      | Reached XP level 5. HP: 11/25 MP: 6/6
  1406 | D:4      | Found a staircase to the Ecumenical Temple.
  1412 | Temple   | Entered the Ecumenical Temple
  1507 | Temple   | Became a worshipper of Vehumet
  1591 | D:4      | Noticed a slave
  1593 | D:4      | Noticed Pikel
  1593 | D:4      | Noticed a slave
  1594 | D:4      | Noticed a slave
  1595 | D:4      | Noticed a slave
  1654 | D:4      | Killed Pikel
  1654 | D:4      | Reached XP level 6. HP: 27/32 MP: 7/7
  1654 | D:4      | Reached XP level 7. HP: 30/36 MP: 8/8
  1746 | D:4      | Killed from afar by an orc priest

Vault maps used:
D:1:      minmay_arrival_loop, ashenzari_altar_1
D:4:      minmay_temple_entry_hall, first_bread, uniq_pikel
Temple:   circular_temple_12

Skill      XL: |  1  2  3  4  5 |
---------------+----------------+-----
Stealth        | 6 7 8 |  8.0
Dodging        | 2 5 |  5.5
Fighting       | 3 |  3.2
Short Blades   | 4 |  4.3
Throwing       | 3 |  3.9

Action                   |  1- 3 |  4- 6 |  7- 9 || total
-------------------------+-------+-------+-------++-------
Melee: Dagger            |    87 |    44 |     9 ||   140
 Fire: Blowgun           |       |    11 |       ||    11
  Use: Scroll            |     4 |     3 |       ||     7
       Potion            |       |     3 |       ||     3
 Stab: Sleeping          |    18 |     5 |       ||    23
       Distracted        |       |     1 |       ||     1
